Map: Dusty Gorge

Players

ILIEKEGGPIE

  • Race: Terran Terran
  • League: Platinum
  • Spawn Location: 9:00

Flippleberry

  • Race: Zerg Zerg
  • League: Platinum
  • Spawn Location: 11:00

Sogeking - Winner!

  • Race: Zerg Zerg
  • Spawn Location: 3:00

Kova - Winner!

  • Race: Zerg Zerg
  • Spawn Location: 5:00

VOD

Have the link to the VOD?

Description

Time

  • Played on: May 22, 2018, 7:58 p.m.
  • Length: 4:44
Show
View Real Time Build Order
Export as new Build Order

ILIEKEGGPIE Terran 

Build Orders:  

Get SALT Encoding   

  12  0:01  SCV  
  13  0:13  SCV  
  14  0:22  Supply Depot  
  15  0:28  SCV  
  15  0:44  SCV  
  15  0:47  Barracks  
  16  0:55  Barracks  
  16  0:58  SCV  
  16  1:02  Refinery  
  17  1:11  SCV  
  18  1:23  SCV  
  19  1:50  Supply Depot  
  19  1:52  Marine x2  
  21  1:54  Orbital Command  
  21  2:12  Marine  
  21  2:15  Barracks Reactor  
  22  2:30  Marine  
  23  2:48  SCV  
  23  2:49  Factory  
  25  2:58  Marine  
  25  2:59  Marine  
  25  3:00  SCV  
  25  3:03  Command Center  
  27  3:07  Barracks Tech Lab  
  27  3:13  Refinery, SCV  
  28  3:23  Marine x2  
  28  3:25  SCV  
  31  3:33  Barracks, Factory Reactor  
  31  3:47  Supply Depot  
  31  3:50  Marine x2  
  33  3:56  SCV  
Show
View Real Time Build Order
Export as new Build Order

Flippleberry Zerg 

Build Orders: Pool First 

Get SALT Encoding   

  12  0:00  Drone  
  13  0:25  Spawning Pool, Drone  
  13  0:32  Drone  
  14  0:47  Overlord  
  14  1:11  Zergling x6  
  14  1:12  Queen  
  14  1:17  Extractor  
  18  1:25  Zergling x2  
  19  1:38  Spine Crawler  
  18  1:58  Drone x3  
  21  2:10  Drone  
  22  2:21  Overlord  
  20  2:35  Drone x3  
  21  2:39  Metabolic Boost  
  21  2:50  Drone x2  
  23  2:53  Hatchery  
  22  3:06  Drone  
  22  3:09  Overlord  
  23  3:15  Drone x2  
  23  3:16  Drone  
  26  3:27  Zergling x2  
  27  3:36  Hatchery, Queen  
  28  3:50  Drone x3  
  31  4:06  Zergling x4  
  31  4:08  Zergling x6  
  31  4:19  Zergling x2  
  31  4:20  Zergling x2  
Show
View Real Time Build Order
Export as new Build Order

Sogeking Zerg - Winner!

Build Orders: Pool First, Zergling Baneling 

Get SALT Encoding   

  12  0:04  Drone  
  13  0:10  Drone  
  14  0:29  Spawning Pool  
  14  0:31  Drone  
  14  0:46  Overlord  
  14  1:16  Hatchery  
  14  1:18  Zergling x6  
  16  1:29  Zergling x2  
  17  1:41  Overlord  
  17  1:50  Zergling x2  
  18  2:04  Zergling x2  
  18  2:27  Zergling x4  
  18  2:38  Queen  
  18  2:40  Extractor  
  18  2:42  Extractor  
  18  2:45  Zergling x4  
  20  2:52  Spine Crawler  
  20  2:55  Drone  
  20  3:06  Overlord  
  20  3:13  Hatchery  
  20  3:18  Queen  
  20  3:19  Drone  
  22  3:27  Zergling x2  
  23  3:35  Baneling Nest  
  22  3:42  Zergling x2  
  22  3:47  Zergling x2  
  24  3:58  Drone  
  25  4:21  Baneling x3  
  25  4:22  Baneling x4  
  25  4:25  Baneling  
Show
View Real Time Build Order
Export as new Build Order

Kova Zerg - Winner!

Build Orders: Hatch First 

Get SALT Encoding   

  12  0:01  Drone  
  13  0:14  Overlord  
  13  0:18  Drone  
  14  0:32  Drone x2  
  16  0:36  Drone  
  17  0:55  Hatchery  
  16  1:12  Spawning Pool  
  16  1:13  Drone x2  
  16  1:17  Drone  
  18  1:28  Drone  
  18  1:30  Extractor  
  18  1:36  Drone  
  19  1:47  Overlord  
  19  1:59  Zergling x2  
  20  2:07  Queen x2  
  24  2:09  Drone  
  24  2:10  Drone  
  26  2:19  Zergling x4  
  28  2:30  Drone  
  28  2:31  Drone  
  28  2:35  Metabolic Boost  
  30  2:41  Drone x2  
  30  2:43  Queen  
  34  2:52  Overlord  
  34  2:53  Zergling x2  
  35  3:02  Zergling x2  
  36  3:09  Overlord  
  36  3:12  Zergling x4  
  38  3:17  Zergling x2  
  38  3:18  Zergling x4  
  38  3:19  Zergling x6  
  44  3:29  Zergling x4  
  46  3:45  Zergling x4  
  46  3:47  Overlord  
  46  3:48  Overlord  
  48  3:50  Drone x4  
  52  3:58  Overlord  
  52  4:11  Zergling x2  
  52  4:12  Zergling x6  
Tags
 
Add a new tag
Caveats
  • Supply blocks, unpowered buildings, or Contaminate may cause inaccurate times.
  • Supply counts are checked every 10 seconds.